 Dungeon Crawl Stone Soup version 0.25.1-2-g60ff931df9 (webtiles) character file.

Game seed: 18365081168794551658

58 sahdkjhfkaj the Skirmisher (level 4, 0/40 HPs)
             Began as a Hill Orc Fighter on Sept 28, 2020.
             Succumbed to a gnoll's poison
             ... on level 1 of the Dungeon.
             The game lasted 00:02:56 (1803 turns).

sahdkjhfkaj the Skirmisher (Hill Orc Fighter)       Turns: 1803, Time: 00:02:57

Health: 0/40       AC:  8    Str: 19    XL:     4   Next: 1%
Magic:  4/4        EV:  7    Int:  8    God:
Gold:   68         SH:  9    Dex: 10    Spells: 3/3 levels left

rFire    . . .     SeeInvis .   a - +0 war axe
rCold    . . .     Gourm    .   c - +0 kite shield
rNeg     . . .     Faith    .   b - +0 scale mail
rPois    .         Spirit   .   (no helmet)
rElec    .         Reflect  .   (no cloak)
rCorr    .         Harm     .   m - +0 pair of gloves
MR       .....                  (no boots)
Stlth    ..........             (no amulet)
HPRegen  0.13/turn              (no ring)
MPRegen  0.09/turn              (no ring)

@: lethally poisoned (0 -> -9)
A: wild magic 2, MP-powered wands
a: no special abilities


You were on level 1 of the Dungeon.
You were not hungry.

You visited 1 branch of the dungeon, and saw 2 of its levels.

You collected 68 gold pieces.

Inventory:

Hand Weapons
 a - a +0 war axe (weapon)
Missiles
 g - 74 stones (quivered)
Armour
 b - a +0 scale mail (worn)
 c - a +0 kite shield (worn)
 m - a +0 pair of gloves (worn)
Potions
 d - a potion of might
Comestibles
 f - a ration


   Skills:
 + Level 4.1 Fighting
 * Level 4.1 Axes
 + Level 3.7 Armour
 + Level 3.7 Shields


You had 3 spell levels left.
You didn't know any spells.
Your spell library was empty.

Dungeon Overview and Level Annotations

Branches:
Dungeon (2/15)

Altars:
Qazlal
Sif Muna


Innate Abilities, Weirdness & Mutations

Your spells are harder to cast, but more powerful.
You expend magic power (3 MP) to strengthen your wands.


Message History

You feel sick.
* * * LOW HITPOINT WARNING * * *
You feel sick.
* * * LOW HITPOINT WARNING * * *
You feel sick.
* * * LOW HITPOINT WARNING * * *
You feel sick.
* * * LOW HITPOINT WARNING * * *
You feel sick.
* * * LOW HITPOINT WARNING * * *
You feel sick.
* * * LOW HITPOINT WARNING * * *
You feel sick.
Okay, then.
* * * LOW HITPOINT WARNING * * *
You feel sick.
* * * LOW HITPOINT WARNING * * *
You feel sick.
You eat one of the 2 rations.
That ration really hit the spot!
You die...

,................#.#..#..#..)#,,*
**##........####....#.#.#.....#,*
######...# #.....###.......#*
#...####.)#### *########
#...#........#
#######...#........#
#.......###........#
###.......###....##### #####
............#...@# ####...#
###########.#....# ##....... ##
#.####.########........ .# #.#
#.##....##.....##. .#### #.#
#.##....###...#### .'..# #.#
#.##....# #...## # .##.# #.#
#.##....# ##...# .##.# #.#
#.##....# #.<.# # .##.# #.#
#.##....# #...###


There were no monsters in sight!

Vanquished Creatures
  2 gnolls (D:1)
  An ooze (D:1)
  3 leopard geckos
  4 bats (D:1)
  2 giant cockroaches (D:1)
  4 goblins (D:1)
  3 hobgoblins
  5 kobolds
  2 frilled lizards
  5 rats
31 creatures vanquished.

Notes
Turn   | Place    | Note
-------+----------+-------------------------------------------
     0 | D:1      | sahdkjhfkaj the Hill Orc Fighter began the quest for the
                  | Orb.
     0 | D:1      | Reached XP level 1. HP: 19/19 MP: 1/1
   304 | D:1      | Reached XP level 2. HP: 27/27 MP: 2/2
   823 | D:1      | Reached XP level 3. HP: 29/33 MP: 3/3
  1016 | D:2      | Found a stormy altar of Qazlal.
  1016 | D:2      | Found a shimmering blue altar of Sif Muna.
  1456 | D:1      | HP: 1/33 [poisoned by a gnoll]
  1460 | D:1      | Gained mutation: You expend magic power (3 MP) to
                  | strengthen your wands. [potion of mutation]
  1460 | D:1      | Gained mutation: Your spells are a little harder to cast,
                  | but a little more powerful. [potion of mutation]
  1460 | D:1      | Gained mutation: Your spells are harder to cast, but more
                  | powerful. [potion of mutation]
  1791 | D:1      | Reached XP level 4. HP: 17/40 MP: 4/4
  1800 | D:1      | HP: 2/40 [poisoned by a gnoll]
  1803 | D:1      | Succumbed to a gnoll's poison

Illustrated notes

Levels and vault maps discovered:
D:1:      dpeg_arrival_round_c, layout_basic, hangedman_decor_diamond_cutter
D:2:      layout_rooms, chequers_temple_overflow_statue_of_worship

Skill      XL: |  1  2  3 |
---------------+----------+-----
Axes           | 3 4 |  4.1
Fighting       | 4 |  4.1
Armour         | |  3.7
Shields        | |  3.7

Action                   |  1- 3 |  4- 6 || total
-------------------------+-------+-------++-------
Melee: War axe           |    98 |       ||    98
Throw: Stone             |    22 |       ||    22
  Use: Potion            |     7 |       ||     7
       Scroll            |     2 |       ||     2
  Eat: Chunk             |     1 |       ||     1
       Ration            |       |     1 ||     1
Armor: Scale mail        |    53 |       ||    53
Dodge: Dodged            |    39 |       ||    39
Block: Kite shield       |    65 |       ||    65
